Avalanche vs Blues
Created - May 4, 2022 at 19:37
Goals
|
| Avalanche |
1 |
2 |
0 |
0 |
1 |
4 |
| Blues |
1 |
1 |
1 |
0 |
0 |
3 |
|
Shots
|
| Avalanche |
12 |
12 |
5 |
1 |
3 |
30 |
| Blues |
13 |
8 |
7 |
2 |
3 |
30 |
|
1st period
1. Blues , Nicklas Backstrom 32 (Tyler Johnson 49) at 0:50 (PP)
2. Avalanche , Pavel Buchnevich 12 (Vincent Trocheck 5, Tomas Fleischmann 9) at 18:11
Penalties :
Pavel Buchnevich (Col) for Hooking (Minor) at 0:47, Tyler Johnson (Stl) for Unsportsmanlike conduct (Minor) at 6:28
2nd period
3. Blues , Drew Shore 9 (Matt Martin 23, Jacob Slavin 16) at 0:49
4. Avalanche , Ilya Kovalchuk 19 (Erik Karlsson 27, Mikkel Boedker 57) at 18:30 (PP)
5. Avalanche , Bryan Little 29 (Marc Staal 11, Mikkel Boedker 58) at 18:40
Penalties :
Anthony Mantha (Stl) for Holding (Minor) at 2:25, Patrick Kaleta (Stl) for Tripping (Minor) at 7:12, Brandon Montour (Stl) for Hooking (Minor) at 17:59
3rd period
6. Blues , Nicklas Backstrom 33 (Tyler Johnson 50) at 1:03
Penalties :
Cody Ceci (Stl) for Slashing (Minor) at 5:35, Brandon Montour (Stl) for Tripping (Minor) at 8:34, Marc Staal (Col) for Hooking (Minor) at 11:09
Overtime #1
No Goal
Penalties :
No Penalty
Shootout
Avalanche, Mikkel Boedker - Goal!
Blues, David Perron - Stopped by Semyon Varlamov
Avalanche, Bryan Little - Shot Misses the Net
Blues, Auston Matthews - Shot Misses the Net
Avalanche, Ilya Kovalchuk - Stopped by Joonas Korpisalo
Blues, Devin Shore - Shot Misses the Net
Penalties :
No Penalty
Goalie Stats
Semyon Varlamov (Col), 27 saves from 30 shots - (0.900), W, 11-7-5, 65:00 minutes
Joonas Korpisalo (Stl), 27 saves from 30 shots - (0.900), OTL, 6-4-2, 65:00 minutes
Players Stats for Avalanche
Player Name G A P +/- PIM S H SB GA TA FO MP PP MP PK MP
------------------------------------------------------------------------------------
Bryan Little 1 0 1 0 0 4 0 0 3 0 19/30 21:49 6:03 0:00
Charlie Coyle 0 0 0 0 0 2 2 0 1 0 4/11 20:39 4:23 1:18
Colten Teubert 0 0 0 -1 0 0 2 1 1 4 0/0 20:59 4:25 0:21
Erik Karlsson 0 1 1 0 0 1 1 0 0 0 0/0 24:59 6:01 0:00
Evgeny Dadonov 0 0 0 0 0 1 2 0 0 0 0/3 18:00 4:23 0:00
Ilya Kovalchuk 1 0 1 0 0 1 3 1 1 0 2/3 21:01 5:58 0:00
Jack Johnson 0 0 0 0 0 1 3 2 1 1 0/0 27:32 6:01 1:41
James Van Riemsdyk 0 0 0 0 0 0 2 1 1 0 0/0 19:49 4:23 0:09
Joel Edmundson 0 0 0 -1 0 0 0 1 0 0 0/0 15:03 0:00 1:38
Kyle Turris 0 0 0 -1 0 1 0 0 0 0 1/2 9:51 0:00 0:35
Luke Witkowski 0 0 0 -1 0 0 0 0 0 1 0/0 12:11 0:05 1:18
Marc Staal 0 1 1 1 2 1 0 1 0 0 0/0 17:53 0:00 0:03
Martin Samuelsson 0 0 0 -1 0 1 1 0 0 1 0/0 9:51 0:00 0:35
Mattias Ekholm 0 0 0 1 0 6 3 1 1 0 0/0 23:59 4:25 0:21
Mikkel Boedker 0 2 2 0 0 5 3 1 0 0 0/3 21:38 6:03 0:00
Pavel Buchnevich 1 0 1 1 2 2 3 0 0 0 0/0 10:25 0:00 0:00
Tomas Fleischmann 0 1 1 1 0 1 2 1 0 0 0/0 10:26 0:00 0:00
Vincent Trocheck 0 1 1 1 0 3 0 1 1 0 4/7 11:51 0:00 0:09
Players Stats for Blues
Player Name G A P +/- PIM S H SB GA TA FO MP PP MP PK MP
------------------------------------------------------------------------------------
Alex Pietrangelo 0 0 0 -1 0 3 2 1 3 1 0/0 24:47 1:19 0:58
Anthony Mantha 0 0 0 -1 2 1 1 0 0 1 0/0 12:42 0:00 0:00
Auston Matthews 0 0 0 0 0 0 1 0 0 0 4/7 14:43 0:00 0:00
Brandon Montour 0 0 0 1 4 0 0 1 0 0 0/0 15:18 0:43 0:16
Cody Ceci 0 0 0 0 2 1 0 3 0 0 0/0 20:50 0:00 4:23
David Perron 0 0 0 0 0 0 2 0 0 0 0/0 16:12 1:08 1:19
Devin Shore 0 0 0 -1 0 0 1 0 1 0 5/8 12:36 1:08 0:20
Drew Shore 1 0 1 1 0 3 1 0 1 0 7/12 14:11 0:00 5:56
Filip Forsberg 0 0 0 0 0 2 3 0 0 0 1/2 17:12 0:54 0:00
Jacob Slavin 0 1 1 0 0 1 2 1 0 1 0/0 20:56 1:19 4:51
Ladislav Smid 0 0 0 1 0 1 2 0 0 0 0/0 18:43 0:00 4:51
Matt Martin 0 1 1 -1 0 2 1 0 0 0 0/0 10:42 0:00 0:00
Nicklas Backstrom 2 0 2 0 0 4 0 0 0 1 10/27 17:12 0:54 0:00
Patrick Kaleta 0 0 0 1 2 1 0 0 0 0 0/0 11:02 0:00 2:22
Riley Sheahan 0 0 0 0 0 4 0 1 0 0 1/1 19:09 1:08 3:09
Ryan Murray 0 0 0 -1 0 2 1 2 1 4 0/0 29:14 0:43 5:33
Samuel Morin 0 0 0 1 0 0 0 1 1 0 0/0 12:29 0:00 3:08
Tyler Johnson 0 2 2 0 2 5 2 0 0 2 1/2 21:30 0:54 4:38
3 Stars
1 - Nicklas Backstrom (Stl)
2 - Mikkel Boedker (Col)
3 - Ilya Kovalchuk (Col)
Power Play
Avalanche - 1 on 6 Attempt(s) - 16.67%
Blues - 1 on 2 Attempt(s) - 50.00%
Penalty Kill
Avalanche - 1 on 2 Attempt(s) - 50.00%
- Score 0 goal in Penalty Kill
Blues - 5 on 6 Attempt(s) - 83.33%
- Score 0 goal in Penalty Kill
Team Stat
Avalanche - Hits : 27 - Faceoff Wins : 30 - Blocked Shots : 11 - Penalty Minutes : 4
Blues - Hits : 19 - Faceoff Wins : 29 - Blocked Shots : 10 - Penalty Minutes : 12
Official
Referees : Jean Hebert and Kyle Rehman
Linesman : Derek Amell and Steve Miller
Game Notes
No Game Note
Finance
Level 1 -- Attendance: 5810 (96.83%) -- Ticket Income $581,000
Level 2 -- Attendance: 4621 (92.42%) -- Ticket Income $277,260
Level 3 -- Attendance: 2000 (100.00%) -- Ticket Income $70,000
Level 4 -- Attendance: 3697 (92.43%) -- Ticket Income $92,425
Luxury Box -- Attendance: 1000 (100.00%) -- Ticket Income $200,000
Game was played at the Enterprise Center.
Total Attendance: 17128 (95.16%)
Total Ticket Income: $1,220,685
Other Income: $183,103
Total Income: $1,403,788
Avalanche
5 vs 5 Forward
Center Left Wing Right Wing Time % Phy DF OF
1 Bryan Little Mikkel Boedker Ilya Kovalchuk 35 1 2 2
2 Charlie Coyle James Van Riemsdyk Evgeny Dadonov 30 1 2 2
3 Vincent Trocheck Tomas Fleischmann Pavel Buchnevich 20 1 2 2
4 Kyle Turris Martin Samuelsson Luke Witkowski 15 1 2 2
5 vs 5 Defense
Defense Defense Time % Phy DF OF
1 Jack Johnson Erik Karlsson 35 1 2 2
2 Mattias Ekholm Marc Staal 35 1 2 2
3 Colten Teubert Joel Edmundson 30 1 2 2
4 Jack Johnson Marc Staal 0 1 2 2
PowerPlay Forward
Center Left Wing Right Wing Time % Phy DF OF
1 Bryan Little Mikkel Boedker Ilya Kovalchuk 60 1 2 2
2 Charlie Coyle James Van Riemsdyk Evgeny Dadonov 40 1 2 2
PowerPlay Defense
Defense Defense Time % Phy DF OF
1 Jack Johnson Erik Karlsson 60 1 2 2
2 Colten Teubert Mattias Ekholm 40 1 2 2
Penalty Kill 4 Players Forward
Center Wing Time % Phy DF OF
1 Charlie Coyle Luke Witkowski 60 1 2 2
2 Kyle Turris Martin Samuelsson 40 1 2 2
Penalty Kill 4 Players Defense
Defense Defense Time % Phy DF OF
1 Jack Johnson Marc Staal 60 1 2 2
2 Colten Teubert Mattias Ekholm 40 1 2 2
Penalty Kill - 3 Players Forward
Forward Time % Phy DF OF
1 Mikkel Boedker 60 1 2 2
2 Bryan Little 40 1 2 2
Penalty Kill - 3 Players Defense
Defense Defense Time % Phy DF OF
1 Jack Johnson Marc Staal 60 1 2 2
2 Erik Karlsson Mattias Ekholm 40 1 2 2
4 vs 4 Forward
Center Wing Time % Phy DF OF
1 Mikkel Boedker Bryan Little 60 1 2 2
2 Ilya Kovalchuk Charlie Coyle 40 1 2 2
4 vs 4 Defense
Defense Defense Time % Phy DF OF
1 Jack Johnson Marc Staal 60 1 2 2
2 Erik Karlsson Mattias Ekholm 40 1 2 2
Last Minutes Offensive
Center Left Wing Right Wing Defense Defense
Bryan Little Mikkel Boedker Ilya Kovalchuk Jack Johnson Marc Staal
Last Minutes Defensive
Center Left Wing Right Wing Defense Defense
Bryan Little Mikkel Boedker Ilya Kovalchuk Jack Johnson Marc Staal
Goaltenders
Starting : Semyon Varlamov
Backup : Cam Ward
Extra Forwards
Normal : Luke Witkowski, James Van Riemsdyk, Vincent Trocheck - PP : Luke Witkowski, James Van Riemsdyk - PK : Vincent Trocheck
Extra Defensemen
Normal : Colten Teubert, Joel Edmundson, Erik Karlsson - PP : Colten Teubert - PK : Joel Edmundson, Erik Karlsson
Penalty Shots
Mikkel Boedker, Bryan Little, Ilya Kovalchuk, Charlie Coyle, Evgeny Dadonov
Scratches
Patric Hornqvist (Fractured Metatarsal (Right Foot) Injury)
Blues
5 vs 5 Forward
Center Left Wing Right Wing Time % Phy DF OF
1 Nicklas Backstrom Filip Forsberg Tyler Johnson 40 1 2 2
2 Auston Matthews David Perron Riley Sheahan 30 1 2 2
3 Devin Shore Matt Martin Anthony Mantha 20 1 2 2
4 Drew Shore Samuel Morin Patrick Kaleta 10 1 2 2
5 vs 5 Defense
Defense Defense Time % Phy DF OF
1 Alex Pietrangelo Ryan Murray 40 1 2 2
2 Jacob Slavin Cody Ceci 30 1 2 2
3 Ladislav Smid Brandon Montour 20 1 2 2
4 Ryan Murray Alex Pietrangelo 10 1 2 2
PowerPlay Forward
Center Left Wing Right Wing Time % Phy DF OF
1 Nicklas Backstrom Filip Forsberg Tyler Johnson 60 1 2 2
2 Devin Shore David Perron Riley Sheahan 40 1 2 2
PowerPlay Defense
Defense Defense Time % Phy DF OF
1 Alex Pietrangelo Jacob Slavin 60 1 2 2
2 Brandon Montour Ryan Murray 40 1 2 2
Penalty Kill 4 Players Forward
Center Wing Time % Phy DF OF
1 Drew Shore Tyler Johnson 60 1 2 2
2 Riley Sheahan Patrick Kaleta 40 1 2 2
Penalty Kill 4 Players Defense
Defense Defense Time % Phy DF OF
1 Cody Ceci Ryan Murray 60 1 2 2
2 Ladislav Smid Jacob Slavin 40 1 2 2
Penalty Kill - 3 Players Forward
Forward Time % Phy DF OF
1 Riley Sheahan 60 1 2 2
2 Drew Shore 40 1 2 2
Penalty Kill - 3 Players Defense
Defense Defense Time % Phy DF OF
1 Cody Ceci Ladislav Smid 60 1 2 2
2 Ryan Murray Jacob Slavin 40 1 2 2
4 vs 4 Forward
Center Wing Time % Phy DF OF
1 Nicklas Backstrom Filip Forsberg 60 1 2 2
2 Drew Shore Tyler Johnson 40 1 2 2
4 vs 4 Defense
Defense Defense Time % Phy DF OF
1 Alex Pietrangelo Cody Ceci 60 1 2 2
2 Brandon Montour Ryan Murray 40 1 2 2
Last Minutes Offensive
Center Left Wing Right Wing Defense Defense
Nicklas Backstrom Filip Forsberg Tyler Johnson Alex Pietrangelo Jacob Slavin
Last Minutes Defensive
Center Left Wing Right Wing Defense Defense
Drew Shore David Perron Tyler Johnson Cody Ceci Ladislav Smid
Goaltenders
Starting : Joonas Korpisalo
Backup : Carey Price
Extra Forwards
Normal : Anthony Mantha, Auston Matthews, Samuel Morin - PP : Anthony Mantha, Devin Shore - PK : Samuel Morin
Extra Defensemen
Normal : Ladislav Smid, Brandon Montour, Jacob Slavin - PP : Brandon Montour - PK : Alex Pietrangelo, Brandon Montour
Penalty Shots
David Perron, Auston Matthews, Devin Shore, Filip Forsberg, Tyler Johnson
Scratches
Linus Omark (Healthy), Martin Marincin (Healthy), Peter Regin (Healthy)
% Time on Ice - Avalanche
Lines # - Real PCT - Wanted PCT - Time Play
Normal Forward
1 - 29% - 35% - 14:01
2 - 29% - 30% - 13:49
3 - 22% - 20% - 10:26
4 - 19% - 15% - 9:16
Normal Defense
1 - 35% - 35% - 16:36
2 - 35% - 35% - 16:51
3 - 28% - 30% - 13:25
4 - 1% - 0% - 0:40
PP Forward
1 - 58% - 60% - 6:03
2 - 42% - 40% - 4:23
PP Defense
1 - 58% - 60% - 6:01
2 - 42% - 40% - 4:25
PK Forward
1 - 71% - 60% - 1:27
2 - 29% - 40% - 0:35
PK Defense
1 - 83% - 60% - 1:41
2 - 17% - 40% - 0:21
PK3 Forward
1 - 0% - 60%
2 - 0% - 40%
PK3 Defense
1 - 0% - 60%
2 - 0% - 40%
44 Forward
1 - 73% - 60% - 3:39
2 - 27% - 40% - 1:21
44 Defense
1 - 53% - 60% - 2:38
2 - 47% - 40% - 2:22
Last Minute Offensive - 0:00
Last Minute Defensive - 0:00
Total
Forward - 65:00
Defense - 65:00
|
% Time on Ice - Blues
Lines # - Real PCT - Wanted PCT - Time Play
Normal Forward
1 - 33% - 40% - 15:42
2 - 32% - 30% - 15:21
3 - 23% - 20% - 10:42
4 - 12% - 10% - 5:47
Normal Defense
1 - 40% - 40% - 18:56
2 - 31% - 30% - 14:57
3 - 21% - 20% - 10:11
4 - 7% - 10% - 3:28
PP Forward
1 - 44% - 60% - 0:54
2 - 56% - 40% - 1:08
PP Defense
1 - 65% - 60% - 1:19
2 - 35% - 40% - 0:43
PK Forward
1 - 70% - 60% - 7:17
2 - 30% - 40% - 3:09
PK Defense
1 - 54% - 60% - 5:35
2 - 46% - 40% - 4:51
PK3 Forward
1 - 0% - 60%
2 - 0% - 40%
PK3 Defense
1 - 0% - 60%
2 - 0% - 40%
44 Forward
1 - 77% - 60% - 3:52
2 - 23% - 40% - 1:08
44 Defense
1 - 53% - 60% - 2:38
2 - 47% - 40% - 2:22
Last Minute Offensive - 0:00
Last Minute Defensive - 0:00
Total
Forward - 65:00
Defense - 65:00
|
Play-by-Play
1st period
0:01 of 1st period - Bryan Little wins face-off versus Nicklas Backstrom in neutral zone.
0:38 of 1st period - Wrist shot by Charlie Coyle.
0:38 of 1st period - Shot Hit the Post.
0:47 of 1st period - Minor Penalty to Pavel Buchnevich for Hooking.
0:48 of 1st period - Nicklas Backstrom wins face-off versus Charlie Coyle in Avalanche zone.
0:50 of 1st period - Wrist shot by Nicklas Backstrom.
0:50 of 1st period - Goal by Nicklas Backstrom - Avalanche : 0 - Blues : 1.
0:51 of 1st period - Devin Shore wins face-off versus Kyle Turris in neutral zone.
1:16 of 1st period - Kyle Turris is hit by Ladislav Smid and loses puck.
2:09 of 1st period - Wrist shot by Kyle Turris.
2:09 of 1st period - Shot Misses the Net.
2:19 of 1st period - Snap shot by Alex Pietrangelo.
2:19 of 1st period - Shot Blocked by Colten Teubert.
2:21 of 1st period - Snap shot by Ryan Murray.
2:21 of 1st period - Stopped by Semyon Varlamov with a rebound.
2:23 of 1st period - Slapshot by Ryan Murray.
2:23 of 1st period - Stopped by Semyon Varlamov with a rebound.
2:37 of 1st period - Slapshot by Alex Pietrangelo.
2:37 of 1st period - Stopped by Semyon Varlamov without a rebound.
2:38 of 1st period - Nicklas Backstrom wins face-off versus Bryan Little in Avalanche zone.
2:53 of 1st period - Snap shot by Filip Forsberg.
2:53 of 1st period - Stopped by Semyon Varlamov with a rebound.
2:55 of 1st period - Snap shot by Nicklas Backstrom.
2:55 of 1st period - Stopped by Semyon Varlamov without a rebound.
2:56 of 1st period - Auston Matthews wins face-off versus Evgeny Dadonov in Avalanche zone.
3:11 of 1st period - Wrist shot by David Perron.
3:11 of 1st period - Shot Misses the Net.
3:45 of 1st period - Snap shot by Matt Martin.
3:45 of 1st period - Stopped by Semyon Varlamov with a rebound.
4:05 of 1st period - Ryan Murray is hit by James Van Riemsdyk and loses puck.
4:30 of 1st period - Ladislav Smid is hit by Ilya Kovalchuk and loses puck.
4:54 of 1st period - Icing by Alex Pietrangelo.
4:55 of 1st period - Vincent Trocheck wins face-off versus Nicklas Backstrom in Blues zone.
5:06 of 1st period - Colten Teubert is hit by Alex Pietrangelo and loses puck.
5:33 of 1st period - Slapshot by Bryan Little.
5:33 of 1st period - Stopped by Joonas Korpisalo with a rebound.
5:35 of 1st period - Wrist shot by Mikkel Boedker.
5:35 of 1st period - Stopped by Joonas Korpisalo without a rebound.
5:36 of 1st period - Devin Shore wins face-off versus Charlie Coyle in Blues zone.
6:08 of 1st period - Off-side.
6:09 of 1st period - Bryan Little wins face-off versus Nicklas Backstrom in neutral zone.
6:26 of 1st period - Wrist shot by Mikkel Boedker.
6:26 of 1st period - Stopped by Joonas Korpisalo with a rebound.
6:28 of 1st period - Minor Penalty to Tyler Johnson for Unsportsmanlike conduct.
6:29 of 1st period - Drew Shore wins face-off versus Bryan Little in Blues zone.
6:29 of 1st period - Drew Shore is hit by Mikkel Boedker.
6:45 of 1st period - Wrist shot by Bryan Little.
6:45 of 1st period - Shot Blocked by Samuel Morin.
7:05 of 1st period - Snap shot by Charlie Coyle.
7:05 of 1st period - Stopped by Joonas Korpisalo without a rebound.
7:06 of 1st period - Bryan Little wins face-off versus Drew Shore in Blues zone.
7:09 of 1st period - Snap shot by Mikkel Boedker.
7:09 of 1st period - Stopped by Joonas Korpisalo with a rebound.
7:11 of 1st period - Slapshot by Mattias Ekholm.
7:11 of 1st period - Stopped by Joonas Korpisalo without a rebound.
7:12 of 1st period - Drew Shore wins face-off versus Ilya Kovalchuk in Blues zone.
7:27 of 1st period - Snap shot by Mikkel Boedker.
7:27 of 1st period - Shot Blocked by Jacob Slavin.
7:29 of 1st period - Snap shot by Mattias Ekholm.
7:29 of 1st period - Stopped by Joonas Korpisalo with a rebound.
7:39 of 1st period - Wrist shot by Drew Shore.
7:39 of 1st period - Stopped by Semyon Varlamov without a rebound.
7:40 of 1st period - Riley Sheahan wins face-off versus Evgeny Dadonov in Avalanche zone.
8:28 of 1st period - Penalty to Tyler Johnson is over, Tyler Johnson is back on ice.
9:01 of 1st period - Backhand shot by Filip Forsberg.
9:01 of 1st period - Shot Misses the Net.
9:08 of 1st period - Off-side.
9:09 of 1st period - Bryan Little wins face-off versus Nicklas Backstrom in neutral zone.
9:39 of 1st period - Snap shot by David Perron.
9:39 of 1st period - Shot Misses the Net.
9:41 of 1st period - Slapshot by Riley Sheahan.
9:41 of 1st period - Stopped by Semyon Varlamov without a rebound.
9:42 of 1st period - Auston Matthews wins face-off versus Charlie Coyle in Avalanche zone.
10:30 of 1st period - Vincent Trocheck is hit by Devin Shore.
10:36 of 1st period - Slapshot by Mattias Ekholm.
10:36 of 1st period - Stopped by Joonas Korpisalo with a rebound.
11:08 of 1st period - Ryan Murray is hit by Mattias Ekholm and loses puck.
12:19 of 1st period - Wrist shot by Devin Shore.
12:19 of 1st period - Shot Misses the Net.
12:21 of 1st period - Slapshot by Brandon Montour.
12:21 of 1st period - Shot Misses the Net.
12:44 of 1st period - Snap shot by Vincent Trocheck.
12:44 of 1st period - Stopped by Joonas Korpisalo without a rebound.
12:45 of 1st period - Bryan Little wins face-off versus Nicklas Backstrom in Blues zone.
12:50 of 1st period - Snap shot by Bryan Little.
12:50 of 1st period - Stopped by Joonas Korpisalo with a rebound.
13:02 of 1st period - Slapshot by Nicklas Backstrom.
13:02 of 1st period - Shot Blocked by Mikkel Boedker.
13:17 of 1st period - Icing by Erik Karlsson.
13:18 of 1st period - Charlie Coyle wins face-off versus Auston Matthews in Avalanche zone.
13:18 of 1st period - Charlie Coyle is hit by David Perron.
14:32 of 1st period - Snap shot by David Perron.
14:32 of 1st period - Shot Blocked by Jack Johnson.
15:40 of 1st period - Slapshot by Alex Pietrangelo.
15:40 of 1st period - Stopped by Semyon Varlamov with a rebound.
15:46 of 1st period - Ryan Murray is hit by Jack Johnson.
15:54 of 1st period - Slapshot by Alex Pietrangelo.
15:54 of 1st period - Shot Misses the Net.
16:00 of 1st period - Wrist shot by Alex Pietrangelo.
16:00 of 1st period - Shot Misses the Net.
16:34 of 1st period - Riley Sheahan is hit by Evgeny Dadonov and loses puck.
16:45 of 1st period - Wrist shot by James Van Riemsdyk.
16:45 of 1st period - Shot Hit the Post.
16:47 of 1st period - Snap shot by Jack Johnson.
16:47 of 1st period - Shot Misses the Net.
17:13 of 1st period - Snap shot by Charlie Coyle.
17:13 of 1st period - Shot Blocked by Riley Sheahan.
17:36 of 1st period - Off-side.
17:37 of 1st period - Ilya Kovalchuk wins face-off versus Nicklas Backstrom in neutral zone.
18:04 of 1st period - Cody Ceci is hit by Pavel Buchnevich and loses puck.
18:09 of 1st period - Snap shot by Pavel Buchnevich.
18:09 of 1st period - Stopped by Joonas Korpisalo with a rebound.
18:11 of 1st period - Snap shot by Vincent Trocheck.
18:11 of 1st period - Deflect By Pavel Buchnevich.
18:11 of 1st period - Goal by Pavel Buchnevich - Avalanche : 1 - Blues : 1.
18:12 of 1st period - Bryan Little wins face-off versus Nicklas Backstrom in neutral zone.
18:31 of 1st period - Mikkel Boedker is hit by Filip Forsberg and loses puck.
18:49 of 1st period - Off-side.
18:50 of 1st period - Vincent Trocheck wins face-off versus Devin Shore in neutral zone.
18:55 of 1st period - Slapshot by Marc Staal.
18:55 of 1st period - Shot Blocked by Cody Ceci.
19:03 of 1st period - Slapshot by Matt Martin.
19:03 of 1st period - Stopped by Semyon Varlamov with a rebound.
19:15 of 1st period - Snap shot by Drew Shore.
19:15 of 1st period - Stopped by Semyon Varlamov with a rebound.
19:17 of 1st period - Slapshot by Brandon Montour.
19:17 of 1st period - Shot Blocked by Mattias Ekholm.
19:19 of 1st period - Wrist shot by Ladislav Smid.
19:19 of 1st period - Stopped by Semyon Varlamov without a rebound.
19:20 of 1st period - Bryan Little wins face-off versus Drew Shore in Avalanche zone.
Goals for this period are 1 for Avalanche vs 1 for Blues.
Shots for this period are 12 for Avalanche vs 13 for Blues.
2nd period
0:01 of 2nd period - Bryan Little wins face-off versus Filip Forsberg in neutral zone.
0:04 of 2nd period - Slapshot by Mattias Ekholm.
0:04 of 2nd period - Stopped by Joonas Korpisalo with a rebound.
0:06 of 2nd period - Snap shot by Bryan Little.
0:06 of 2nd period - Stopped by Joonas Korpisalo with a rebound.
0:08 of 2nd period - Wrist shot by Ilya Kovalchuk.
0:08 of 2nd period - Shot Blocked by Cody Ceci.
0:26 of 2nd period - Marc Staal is hit by Anthony Mantha and loses puck.
0:49 of 2nd period - Snap shot by Drew Shore.
0:49 of 2nd period - Goal by Drew Shore - Avalanche : 1 - Blues : 2.
0:50 of 2nd period - Ilya Kovalchuk wins face-off versus Nicklas Backstrom in neutral zone.
1:17 of 2nd period - Pavel Buchnevich is hit by Ladislav Smid and loses puck.
1:44 of 2nd period - Wrist shot by Luke Witkowski.
1:44 of 2nd period - Shot Misses the Net.
1:46 of 2nd period - Wrist shot by Martin Samuelsson.
1:46 of 2nd period - Stopped by Joonas Korpisalo with a rebound.
1:48 of 2nd period - Slapshot by Jack Johnson.
1:48 of 2nd period - Stopped by Joonas Korpisalo without a rebound.
1:49 of 2nd period - Bryan Little wins face-off versus Nicklas Backstrom in Blues zone.
2:03 of 2nd period - Bryan Little is hit by Filip Forsberg and loses puck.
2:25 of 2nd period - Minor Penalty to Anthony Mantha for Holding.
2:26 of 2nd period - Drew Shore wins face-off versus Bryan Little in Blues zone.
2:52 of 2nd period - James Van Riemsdyk is hit by Tyler Johnson and loses puck.
4:25 of 2nd period - Penalty to Anthony Mantha is over, Anthony Mantha is back on ice.
4:34 of 2nd period - Snap shot by Matt Martin.
4:34 of 2nd period - Deflect By Devin Shore.
4:34 of 2nd period - Shot Blocked by Jack Johnson.
4:34 of 2nd period - Puck is out of play.
4:35 of 2nd period - Devin Shore wins face-off versus Vincent Trocheck in Avalanche zone.
4:36 of 2nd period - Slapshot by Alex Pietrangelo.
4:36 of 2nd period - Shot Blocked by Marc Staal.
4:50 of 2nd period - Wrist shot by Vincent Trocheck.
4:50 of 2nd period - Stopped by Joonas Korpisalo without a rebound.
4:51 of 2nd period - Bryan Little wins face-off versus Nicklas Backstrom in Blues zone.
5:18 of 2nd period - Luke Witkowski is hit by Matt Martin and loses puck.
5:27 of 2nd period - Devin Shore is hit by Colten Teubert and loses puck.
5:48 of 2nd period - Slapshot by Charlie Coyle.
5:48 of 2nd period - Shot Misses the Net.
6:15 of 2nd period - Wrist shot by Riley Sheahan.
6:15 of 2nd period - Stopped by Semyon Varlamov without a rebound.
6:16 of 2nd period - Nicklas Backstrom wins face-off versus Evgeny Dadonov in Avalanche zone.
6:48 of 2nd period - Slapshot by Bryan Little.
6:48 of 2nd period - Deflect By Mikkel Boedker.
6:48 of 2nd period - Stopped by Joonas Korpisalo with a rebound.
7:10 of 2nd period - Slapshot by Tomas Fleischmann.
7:10 of 2nd period - Shot Misses the Net.
7:12 of 2nd period - Minor Penalty to Patrick Kaleta for Tripping.
7:13 of 2nd period - Drew Shore wins face-off versus Bryan Little in Blues zone.
7:40 of 2nd period - Drew Shore is hit by Evgeny Dadonov and loses puck.
8:11 of 2nd period - Wrist shot by Riley Sheahan.
8:11 of 2nd period - Shot Misses the Net.
8:16 of 2nd period - Off-side.
8:17 of 2nd period - Drew Shore wins face-off versus Charlie Coyle in neutral zone.
9:12 of 2nd period - Penalty to Patrick Kaleta is over, Patrick Kaleta is back on ice.
9:27 of 2nd period - Wrist shot by Kyle Turris.
9:27 of 2nd period - Shot Misses the Net.
10:55 of 2nd period - Wrist shot by Riley Sheahan.
10:55 of 2nd period - Stopped by Semyon Varlamov with a rebound.
11:27 of 2nd period - Wrist shot by Patrick Kaleta.
11:27 of 2nd period - Stopped by Semyon Varlamov with a rebound.
11:29 of 2nd period - Snap shot by Riley Sheahan.
11:29 of 2nd period - Stopped by Semyon Varlamov without a rebound.
11:30 of 2nd period - Bryan Little wins face-off versus Nicklas Backstrom in Avalanche zone.
11:56 of 2nd period - Devin Shore is hit by Colten Teubert and loses puck.
12:37 of 2nd period - Slapshot by Erik Karlsson.
12:37 of 2nd period - Shot Misses the Net.
13:36 of 2nd period - Brandon Montour is hit by Pavel Buchnevich and loses puck.
13:52 of 2nd period - Devin Shore is hit by Tomas Fleischmann and loses puck.
13:59 of 2nd period - Vincent Trocheck is hit by Auston Matthews and loses puck.
14:22 of 2nd period - Jack Johnson is hit by David Perron and loses puck.
14:27 of 2nd period - Slapshot by David Perron.
14:27 of 2nd period - Deflect By Brandon Montour.
14:27 of 2nd period - Shot Blocked by Vincent Trocheck.
14:27 of 2nd period - Puck is out of play.
14:28 of 2nd period - Nicklas Backstrom wins face-off versus Bryan Little in Avalanche zone.
14:55 of 2nd period - Devin Shore is hit by James Van Riemsdyk and loses puck.
15:16 of 2nd period - Ilya Kovalchuk is hit by Filip Forsberg and loses puck.
16:04 of 2nd period - Tyler Johnson is hit by Mikkel Boedker and loses puck.
17:25 of 2nd period - Slapshot by Kyle Turris.
17:25 of 2nd period - Stopped by Joonas Korpisalo with a rebound.
17:59 of 2nd period - Minor Penalty to Brandon Montour for Hooking.
18:00 of 2nd period - Bryan Little wins face-off versus Drew Shore in Blues zone.
18:28 of 2nd period - Slapshot by Erik Karlsson.
18:28 of 2nd period - Stopped by Joonas Korpisalo with a rebound.
18:30 of 2nd period - Wrist shot by Ilya Kovalchuk.
18:30 of 2nd period - Goal by Ilya Kovalchuk - Avalanche : 2 - Blues : 2.
18:31 of 2nd period - Bryan Little wins face-off versus Nicklas Backstrom in neutral zone.
18:36 of 2nd period - Slapshot by Mikkel Boedker.
18:36 of 2nd period - Stopped by Joonas Korpisalo with a rebound.
18:38 of 2nd period - Backhand shot by Bryan Little.
18:38 of 2nd period - Shot Misses the Net.
18:40 of 2nd period - Slapshot by Marc Staal.
18:40 of 2nd period - Deflect By Bryan Little.
18:40 of 2nd period - Goal by Bryan Little - Avalanche : 3 - Blues : 2.
18:41 of 2nd period - Nicklas Backstrom wins face-off versus Bryan Little in neutral zone.
19:18 of 2nd period - Wrist shot by Charlie Coyle.
19:18 of 2nd period - Stopped by Joonas Korpisalo without a rebound.
19:19 of 2nd period - Bryan Little wins face-off versus Nicklas Backstrom in Blues zone.
19:26 of 2nd period - Snap shot by Tyler Johnson.
19:26 of 2nd period - Stopped by Semyon Varlamov without a rebound.
19:27 of 2nd period - Bryan Little wins face-off versus Nicklas Backstrom in Avalanche zone.
19:32 of 2nd period - Wrist shot by Tyler Johnson.
19:32 of 2nd period - Stopped by Semyon Varlamov without a rebound.
19:33 of 2nd period - Bryan Little wins face-off versus Nicklas Backstrom in Avalanche zone.
19:50 of 2nd period - Slapshot by Filip Forsberg.
19:50 of 2nd period - Stopped by Semyon Varlamov with a rebound.
Goals for this period are 2 for Avalanche vs 1 for Blues.
Shots for this period are 12 for Avalanche vs 8 for Blues.
3rd period
0:01 of 3rd period - Nicklas Backstrom wins face-off versus Bryan Little in neutral zone.
0:08 of 3rd period - Snap shot by Tyler Johnson.
0:08 of 3rd period - Shot Misses the Net.
0:14 of 3rd period - Filip Forsberg is hit by Mattias Ekholm.
0:35 of 3rd period - Wrist shot by Charlie Coyle.
0:35 of 3rd period - Shot Misses the Net.
0:37 of 3rd period - Wrist shot by James Van Riemsdyk.
0:37 of 3rd period - Shot Misses the Net.
0:47 of 3rd period - Slapshot by Alex Pietrangelo.
0:47 of 3rd period - Stopped by Semyon Varlamov without a rebound.
0:48 of 3rd period - Vincent Trocheck wins face-off versus Devin Shore in Avalanche zone.
0:57 of 3rd period - Snap shot by Anthony Mantha.
0:57 of 3rd period - Stopped by Semyon Varlamov without a rebound.
0:58 of 3rd period - Tyler Johnson wins face-off versus Bryan Little in Avalanche zone.
1:03 of 3rd period - Wrist shot by Nicklas Backstrom.
1:03 of 3rd period - Goal by Nicklas Backstrom - Avalanche : 3 - Blues : 3.
1:04 of 3rd period - Nicklas Backstrom wins face-off versus Bryan Little in neutral zone.
2:20 of 3rd period - Off-side.
2:21 of 3rd period - Drew Shore wins face-off versus Vincent Trocheck in neutral zone.
2:21 of 3rd period - Drew Shore is hit by Tomas Fleischmann.
2:26 of 3rd period - Slapshot by Jacob Slavin.
2:26 of 3rd period - Shot Blocked by Tomas Fleischmann.
2:28 of 3rd period - Wrist shot by Drew Shore.
2:28 of 3rd period - Shot Misses the Net.
2:30 of 3rd period - Snap shot by Samuel Morin.
2:30 of 3rd period - Deflect By Patrick Kaleta.
2:30 of 3rd period - Shot Misses the Net.
2:30 of 3rd period - Puck is out of play.
2:31 of 3rd period - Bryan Little wins face-off versus Tyler Johnson in Avalanche zone.
2:46 of 3rd period - Wrist shot by Tyler Johnson.
2:46 of 3rd period - Stopped by Semyon Varlamov with a rebound.
2:48 of 3rd period - Snap shot by Tyler Johnson.
2:48 of 3rd period - Stopped by Semyon Varlamov with a rebound.
2:59 of 3rd period - Off-side.
3:00 of 3rd period - Charlie Coyle wins face-off versus Auston Matthews in neutral zone.
3:03 of 3rd period - Slapshot by Evgeny Dadonov.
3:03 of 3rd period - Shot Misses the Net.
3:07 of 3rd period - Wrist shot by Charlie Coyle.
3:07 of 3rd period - Deflect By James Van Riemsdyk.
3:07 of 3rd period - Shot Blocked by Cody Ceci.
3:07 of 3rd period - Puck is out of play.
3:08 of 3rd period - Bryan Little wins face-off versus Nicklas Backstrom in Blues zone.
3:25 of 3rd period - Bryan Little is hit by Jacob Slavin and loses puck.
4:42 of 3rd period - Off-side.
4:43 of 3rd period - Auston Matthews wins face-off versus Bryan Little in neutral zone.
4:48 of 3rd period - Snap shot by Riley Sheahan.
4:48 of 3rd period - Shot Misses the Net.
5:14 of 3rd period - Wrist shot by Charlie Coyle.
5:14 of 3rd period - Shot Blocked by Brandon Montour.
5:16 of 3rd period - Slapshot by James Van Riemsdyk.
5:16 of 3rd period - Deflect By Evgeny Dadonov.
5:16 of 3rd period - Shot Misses the Net.
5:16 of 3rd period - Puck is out of play.
5:17 of 3rd period - Charlie Coyle wins face-off versus Nicklas Backstrom in Blues zone.
5:35 of 3rd period - Minor Penalty to Cody Ceci for Slashing.
5:36 of 3rd period - Drew Shore wins face-off versus Bryan Little in Blues zone.
6:06 of 3rd period - Patrick Kaleta is hit by Erik Karlsson and loses puck.
7:35 of 3rd period - Penalty to Cody Ceci is over, Cody Ceci is back on ice.
7:41 of 3rd period - Off-side.
7:42 of 3rd period - Devin Shore wins face-off versus Vincent Trocheck in neutral zone.
8:09 of 3rd period - Slapshot by Ladislav Smid.
8:09 of 3rd period - Shot Blocked by Joel Edmundson.
8:11 of 3rd period - Snap shot by Riley Sheahan.
8:11 of 3rd period - Deflect By Auston Matthews.
8:11 of 3rd period - Shot Misses the Net.
8:11 of 3rd period - Puck is out of play.
8:12 of 3rd period - Kyle Turris wins face-off versus Auston Matthews in Avalanche zone.
8:34 of 3rd period - Minor Penalty to Brandon Montour for Tripping.
8:35 of 3rd period - Bryan Little wins face-off versus Drew Shore in Blues zone.
9:08 of 3rd period - Snap shot by Erik Karlsson.
9:08 of 3rd period - Shot Misses the Net.
9:10 of 3rd period - Slapshot by Evgeny Dadonov.
9:10 of 3rd period - Stopped by Joonas Korpisalo with a rebound.
9:12 of 3rd period - Snap shot by Evgeny Dadonov.
9:12 of 3rd period - Shot Hit the Post.
9:32 of 3rd period - Evgeny Dadonov is hit by Jacob Slavin and loses puck.
10:34 of 3rd period - Penalty to Brandon Montour is over, Brandon Montour is back on ice.
11:09 of 3rd period - Minor Penalty to Marc Staal for Hooking.
11:10 of 3rd period - Devin Shore wins face-off versus Charlie Coyle in Avalanche zone.
11:18 of 3rd period - Wrist shot by Riley Sheahan.
11:18 of 3rd period - Shot Misses the Net.
11:20 of 3rd period - Snap shot by Jacob Slavin.
11:20 of 3rd period - Stopped by Semyon Varlamov without a rebound.
11:21 of 3rd period - Charlie Coyle wins face-off versus Devin Shore in Avalanche zone.
11:52 of 3rd period - Off-side.
11:53 of 3rd period - Nicklas Backstrom wins face-off versus Charlie Coyle in neutral zone.
13:09 of 3rd period - Penalty to Marc Staal is over, Marc Staal is back on ice.
13:24 of 3rd period - Slapshot by Samuel Morin.
13:24 of 3rd period - Shot Misses the Net.
13:26 of 3rd period - Wrist shot by Patrick Kaleta.
13:26 of 3rd period - Shot Misses the Net.
13:28 of 3rd period - Snap shot by Cody Ceci.
13:28 of 3rd period - Deflect By Colten Teubert.
13:28 of 3rd period - Stopped by Semyon Varlamov with a rebound.
13:42 of 3rd period - Cody Ceci is hit by Mikkel Boedker and loses puck.
14:03 of 3rd period - Nicklas Backstrom is hit by Martin Samuelsson and loses puck.
14:42 of 3rd period - Snap shot by David Perron.
14:42 of 3rd period - Shot Blocked by Ilya Kovalchuk.
14:58 of 3rd period - Martin Samuelsson is hit by Tyler Johnson.
15:18 of 3rd period - Wrist shot by Evgeny Dadonov.
15:18 of 3rd period - Deflect By Charlie Coyle.
15:18 of 3rd period - Shot Misses the Net.
15:18 of 3rd period - Puck is out of play.
15:19 of 3rd period - Auston Matthews wins face-off versus Charlie Coyle in Blues zone.
15:19 of 3rd period - Auston Matthews is hit by Charlie Coyle.
15:33 of 3rd period - Nicklas Backstrom is hit by Pavel Buchnevich and loses puck.
15:38 of 3rd period - Wrist shot by Tomas Fleischmann.
15:38 of 3rd period - Stopped by Joonas Korpisalo with a rebound.
15:40 of 3rd period - Snap shot by Marc Staal.
15:40 of 3rd period - Stopped by Joonas Korpisalo with a rebound.
15:42 of 3rd period - Slapshot by Mattias Ekholm.
15:42 of 3rd period - Stopped by Joonas Korpisalo with a rebound.
15:56 of 3rd period - Matt Martin is hit by Ilya Kovalchuk and loses puck.
16:17 of 3rd period - Wrist shot by Patrick Kaleta.
16:17 of 3rd period - Shot Blocked by James Van Riemsdyk.
16:19 of 3rd period - Slapshot by Ladislav Smid.
16:19 of 3rd period - Deflect By Samuel Morin.
16:19 of 3rd period - Shot Hit the Post.
16:19 of 3rd period - Puck is out of play.
16:20 of 3rd period - Vincent Trocheck wins face-off versus Drew Shore in Avalanche zone.
16:20 of 3rd period - Vincent Trocheck is hit by Drew Shore.
16:28 of 3rd period - Wrist shot by Vincent Trocheck.
16:28 of 3rd period - Stopped by Joonas Korpisalo with a rebound.
16:46 of 3rd period - Anthony Mantha is hit by Ilya Kovalchuk and loses puck.
16:57 of 3rd period - Snap shot by Bryan Little.
16:57 of 3rd period - Shot Misses the Net.
18:37 of 3rd period - Nicklas Backstrom is hit by Jack Johnson and loses puck.
19:08 of 3rd period - Jack Johnson is hit by Ryan Murray and loses puck.
Goals for this period are 0 for Avalanche vs 1 for Blues.
Shots for this period are 5 for Avalanche vs 7 for Blues.
Overtime #1
0:01 of 1st overtime period - Nicklas Backstrom wins face-off versus Mikkel Boedker in neutral zone.
0:04 of 1st overtime period - Snap shot by Nicklas Backstrom.
0:04 of 1st overtime period - Stopped by Semyon Varlamov without a rebound.
0:05 of 1st overtime period - Filip Forsberg wins face-off versus Mikkel Boedker in Avalanche zone.
0:50 of 1st overtime period - Ryan Murray is hit by Charlie Coyle and loses puck.
0:59 of 1st overtime period - Snap shot by Tyler Johnson.
0:59 of 1st overtime period - Stopped by Semyon Varlamov without a rebound.
1:00 of 1st overtime period - Nicklas Backstrom wins face-off versus Mikkel Boedker in Avalanche zone.
1:27 of 1st overtime period - Alex Pietrangelo is hit by Jack Johnson.
2:12 of 1st overtime period - Wrist shot by Ilya Kovalchuk.
2:12 of 1st overtime period - Shot Misses the Net.
2:14 of 1st overtime period - Slapshot by Erik Karlsson.
2:14 of 1st overtime period - Shot Blocked by Ryan Murray.
2:16 of 1st overtime period - Slapshot by Erik Karlsson.
2:16 of 1st overtime period - Shot Misses the Net.
2:18 of 1st overtime period - Snap shot by Erik Karlsson.
2:18 of 1st overtime period - Shot Blocked by Ryan Murray.
2:20 of 1st overtime period - Slapshot by Mattias Ekholm.
2:20 of 1st overtime period - Stopped by Joonas Korpisalo with a rebound.
3:13 of 1st overtime period - Samuel Morin is hit by Mattias Ekholm and loses puck.
4:40 of 1st overtime period - Erik Karlsson is hit by Alex Pietrangelo and loses puck.
4:53 of 1st overtime period - Slapshot by Erik Karlsson.
4:53 of 1st overtime period - Shot Blocked by Alex Pietrangelo.
4:55 of 1st overtime period - Slapshot by Ilya Kovalchuk.
4:55 of 1st overtime period - Shot Misses the Net.
Goals for this period are 0 for Avalanche vs 0 for Blues.
Shots for this period are 1 for Avalanche vs 2 for Blues.
ShootOut
5:00 of 1st overtime period - Round #1.
5:00 of 1st overtime period - Avalanche, Mikkel Boedker.
5:00 of 1st overtime period - Snap shot by Mikkel Boedker.
5:00 of 1st overtime period - Goal by Mikkel Boedker.
5:00 of 1st overtime period - Blues, David Perron.
5:00 of 1st overtime period - Backhand shot by David Perron.
5:00 of 1st overtime period - Stopped by Semyon Varlamov.
5:00 of 1st overtime period - Round #2.
5:00 of 1st overtime period - Avalanche, Bryan Little.
5:00 of 1st overtime period - Wrist shot by Bryan Little.
5:00 of 1st overtime period - Shot Misses the Net.
5:00 of 1st overtime period - Blues, Auston Matthews.
5:00 of 1st overtime period - Deke by Auston Matthews.
5:00 of 1st overtime period - Shot Misses the Net.
5:00 of 1st overtime period - Round #3.
5:00 of 1st overtime period - Avalanche, Ilya Kovalchuk.
5:00 of 1st overtime period - Wrist shot by Ilya Kovalchuk.
5:00 of 1st overtime period - Stopped by Joonas Korpisalo.
5:00 of 1st overtime period - Blues, Devin Shore.
5:00 of 1st overtime period - Wrist shot by Devin Shore.
5:00 of 1st overtime period - Shot Misses the Net.